[Event "Deutscher Jugend Online Cup 2020"]
[Site "Tornelo"]
[Date "2020.11.14"]
[Round "1.1"]
[White "Wagner, Margarethe"]
[Black "Becker, Linda"]
[Result "1/2-1/2"]
[ECO "C02"]
[WhiteElo "1841"]
[BlackElo "1763"]
[Annotator "NA RC"]
[PlyCount "135"]
[EventDate "2020.11.13"]
[EventType "k.o."]
[SourceTitle "playchess.com"]
[Source "ChessBase"]
[SourceQuality "1"]
[TimeControl "600+3"]

1. e4 e6 2. d4 d5 3. e5 c5 4. c3 Ne7 5. Nf3 Nec6 6. a3 b6 7. Be2 Ba6 8. b4 Bxe2 9. Qxe2 cxd4 10. cxd4 Nd7 11. O-O Be7 12. Nc3 O-O 13. Bd2 Rc8 14. Rac1 Re8 15. Rfd1 Bf8 (15... Ndb8 $14) 16. Bf4 f6 17. Nb5 a6 18. Nd6 Bxd6 19. exd6 Nf8 ({Better is} 19... b5 $1 $14) 20. Qxa6 Ng6 $2 (20... g5 $16 {might work better.}) 21. Bg3 Ra8 (21... Nb8 {was necessary.} 22. Qd3 Rxc1 23. Rxc1 Qd7) 22. Qb5 Na7 {[%emt 0:00:15] [#]} 23. Qd3 $2 (23. Qa4 $1 $18) 23... Rc8 $2 (23... Nc8 $14) 24. Rc7 Rxc7 25. dxc7 Qd7 26. Rc1 Nc8 27. b5 e5 28. Qc2 $2 (28. dxe5 $18 Nxe5 29. Nxe5 fxe5 30. f3) 28... e4 29. Nd2 f5 30. Qc6 Qxc6 31. Rxc6 f4 32. Rxg6 hxg6 33. Bxf4 Kf7 34. Nb3 Ke6 35. a4 Kf5 {[%emt 0:00:11] [#]} (35... Kd7 $11 {remains equal.}) 36. Be5 (36. Bg3 $1 $16) 36... Re7 (36... Ke6 $11) 37. a5 ({White should play} 37. Bg3 $16) 37... Rxe5 38. dxe5 Kxe5 39. Kf1 d4 $2 (39... bxa5 $1 $11 {and Black has nothing to worry.} 40. Nxa5 Kd6) 40. Ke2 (40. a6 $142) 40... Kd5 41. axb6 Nxb6 42. Na5 Kd6 43. Nb7+ Kxc7 44. Nc5 d3+ 45. Kd1 Nc4 46. Nxe4 Kb6 47. Nc3 Kc5 48. Ne4+ Kxb5 49. Nd2 Ne5 50. f4 Ng4 51. h3 Ne3+ 52. Kc1 Nxg2 53. Nf3 $19 Nxf4 54. h4 Kc5 55. Kd2 Kd5 56. Ke3 Ng2+ 57. Kxd3 Ke6 58. Ke4 Kf6 59. Kd3 Nf4+ 60. Ke4 Nh5 61. Ke3 Kf5 62. Ng5 Kg4 63. Nf3 Nf4 64. Kf2 Nd3+ 65. Kg2 Nf4+ 66. Kf2 Nd3+ 67. Kg2 Nf4+ 68. Kf2 1/2-1/2

[Event "Deutscher Jugend Online Cup 2020"]
[Site "Tornelo"]
[Date "2020.11.14"]
[Round "1.1"]
[White "Herrmann, Jakob"]
[Black "Goldmann, David"]
[Result "0-1"]
[ECO "B23"]
[WhiteElo "1515"]
[BlackElo "1644"]
[Annotator "NA RC"]
[PlyCount "78"]
[EventDate "2020.11.13"]
[EventType "k.o."]
[SourceTitle "playchess.com"]
[Source "ChessBase"]
[SourceQuality "1"]
[TimeControl "600+3"]

1. e4 c5 2. Nc3 e6 3. Nge2 d5 4. exd5 exd5 5. d4 Nf6 6. g3 Be7 7. Bg2 O-O 8. O-O Be6 9. Be3 c4 10. Nf4 Nc6 11. b3 Bb4 12. Nce2 cxb3 13. axb3 Bf5 14. c3 Ba5 15. c4 Ne7 16. Nd3 Be4 17. Nc5 Bxg2 18. Kxg2 b6 19. Nb7 Qd7 20. Nxa5 bxa5 21. Rxa5 dxc4 22. bxc4 Qc6+ 23. d5 Qxc4 24. Rc5 Qe4+ 25. Kg1 Nexd5 26. Nc3 Nxc3 27. Rxc3 Rad8 28. Qe2 Nd5 29. Rc4 Qe6 30. Re1 Nxe3 31. fxe3 Rc8 32. Ra4 Qb6 33. Ra6 Qc5 34. Qa2 Qc3 35. Kf2 Qd3 36. Re2 Qf5+ 37. Kg2 Rc1 38. Rf2 Qe4+ 39. Rf3 Rc2+ 0-1

[Event "Deutscher Jugend Online Cup 2020"]
[Site "Tornelo"]
[Date "2020.11.14"]
[Round "1.1"]
[White "Haug, Mara"]
[Black "Arnold, Rubina"]
[Result "1-0"]
[ECO "B85"]
[WhiteElo "1356"]
[BlackElo "1414"]
[Annotator "NA RC"]
[PlyCount "137"]
[EventDate "2020.11.13"]
[EventType "k.o."]
[SourceTitle "playchess.com"]
[Source "ChessBase"]
[SourceQuality "1"]
[TimeControl "600+3"]

1. e4 c5 2. Nf3 e6 3. d4 cxd4 4. Nxd4 a6 5. Nc3 Qc7 6. Be2 Nf6 7. O-O Nc6 8. Nb3 Be7 9. Be3 O-O 10. f4 d6 11. Bf3 b5 12. a3 Bb7 13. Qe2 Rfd8 14. Rad1 Nd7 15. Qf2 Na5 16. Nxa5 Qxa5 17. Rd2 Qc7 18. Rfd1 Nc5 19. b4 Na4 20. Nxa4 bxa4 21. Bb6 Qc3 22. Bxd8 Rxd8 23. Rd3 Qb2 24. e5 Bxf3 25. exd6 Bf8 26. Rxf3 Rxd6 27. Rxd6 Bxd6 28. Qd2 Bc7 29. h3 Qa1+ 30. Kh2 g6 31. Kg3 Kg7 32. Qc3+ Qxc3 33. Rxc3 Bb6 34. Rc6 Bd4 35. Rxa6 Bb2 36. Rxa4 h5 37. b5 Bf6 38. b6 Bd8 39. b7 Bc7 40. Rb4 Bb8 41. a4 Kf6 42. a5 Ke7 43. a6 Kd8 44. a7 Bxa7 45. b8=Q+ Bxb8 46. Rxb8+ Kd7 47. Rb7+ Ke8 48. Rb6 Kd7 49. c4 Kc7 50. Rb3 f5 51. Kf3 Kc6 52. Ke3 Kc5 53. Kd3 h4 54. Rb5+ Kc6 55. Kd4 Kd6 56. Rb6+ Kd7 57. c5 Ke7 58. Ke5 Kd7 59. c6+ Kc7 60. Ra6 Kc8 61. Ra7 Kb8 62. Re7 Kc8 63. Kd6 Kd8 64. c7+ Kc8 65. Re8+ Kb7 66. c8=Q+ Ka7 67. Qc5+ Kb7 68. Re7+ Ka6 69. Kc6 1-0

[Event "Deutscher Jugend Online Cup 2020"]
[Site "Tornelo"]
[Date "2020.11.14"]
[Round "1.1"]
[White "Hoffmann, Svenja"]
[Black "B___, L___"]
[Result "0-1"]
[ECO "B76"]
[WhiteElo "1307"]
[BlackElo "1348"]
[Annotator "NA RC"]
[PlyCount "132"]
[EventDate "2020.11.13"]
[EventType "k.o."]
[SourceTitle "playchess.com"]
[Source "ChessBase"]
[SourceQuality "1"]
[TimeControl "600+3"]

1. e4 c5 2. Nf3 g6 3. d4 cxd4 4. Nxd4 Nc6 5. Nc3 Nf6 6. f3 Nxd4 7. Qxd4 Bg7 8. Qd3 O-O 9. Be3 d6 10. O-O-O Be6 11. Qd2 Qa5 12. Kb1 Rfc8 13. a3 a6 14. Bh6 Bh8 15. h4 Qc5 16. g4 b5 17. h5 b4 18. axb4 Qxb4 19. hxg6 fxg6 20. Qd4 Qxd4 21. Rxd4 Nxg4 22. Rd2 Rab8 23. fxg4 Bxc3 24. Rf2 Rxb2+ 25. Kc1 Rcb8 26. Kd1 Bxg4+ 27. Be2 Rb1+ 28. Bc1 Bxe2+ 29. Rxe2 Ra1 30. Rf2 Rbb1 31. Ke2 Rxc1 32. Rxc1 Rxc1 33. Kd3 Be5 34. Kd2 Ra1 35. Kd3 a5 36. Kc4 a4 37. Kb4 a3 38. Kb3 a2 39. Re2 Rb1+ 40. Kxa2 Ra1+ 41. Kb3 h5 42. Kc4 Rh1 43. Rg2 Kh7 44. Kd5 h4 45. Ke6 Bf6 46. Kf7 g5 47. Ke6 h3 48. Rf2 Re1 49. Kf5 Kh6 50. Kg4 Rxe4+ 51. Kxh3 Rh4+ 52. Kg3 Be5+ 53. Kf3 Rf4+ 54. Ke2 Rxf2+ 55. Kxf2 g4 56. Kg2 g3 57. c4 Bf4 58. Kh3 Kg6 59. Kg2 Kf5 60. Kf3 e5 61. Ke2 e4 62. Kf1 e3 63. Kg2 e2 64. Kh3 e1=Q 65. Kg2 Qf2+ 66. Kh3 Qh2# 0-1

[Event "Deutscher Jugend Online Cup 2020"]
[Site "Tornelo"]
[Date "2020.11.14"]
[Round "1.2"]
[White "Bildat, Emilia"]
[Black "Sereda, Yaroslava"]
[Result "1-0"]
[ECO "A07"]
[WhiteElo "1852"]
[BlackElo "1750"]
[Annotator "NA RC"]
[PlyCount "111"]
[EventDate "2020.11.13"]
[EventType "k.o."]
[SourceTitle "playchess.com"]
[Source "ChessBase"]
[SourceQuality "1"]
[TimeControl "600+3"]

1. c4 Nf6 2. g3 c6 3. Bg2 d5 4. Nf3 g6 5. O-O Bg7 6. d3 O-O 7. Nbd2 {[%emt 0:00:16] 7.Nc3 injects fresh life into this line.} Nbd7 8. Rb1 e5 9. b3 Re8 10. Bb2 a5 {[%emt 0:00:18] [#]} 11. Re1 $146 ({Predecessor:} 11. cxd5 Nxd5 12. a3 Nf8 13. Qc2 Bg4 14. h3 Bxf3 15. Nxf3 Qe7 16. Nd2 Nc7 17. Nc4 {½-½ (30) Egenolf,D (1906)-Calvi,S (2054) Frankfurt 2014}) 11... Qc7 ({Black should play} 11... e4 $15 12. Nd4 e3 13. fxe3 Ng4) 12. Qc2 Qd6 13. Kh1 (13. cxd5 $11 Nxd5 14. a3) 13... b5 14. e3 Bb7 15. d4 Ng4 16. Kg1 (16. Nxe5 $11 Ndxe5 17. dxe5 Nxe5 18. Red1) 16... e4 17. Ng5 Qf6 {[%emt 0:00:41] [#]} 18. f3 $2 (18. Ngxe4 $1 $11 {[%mdl 512] and White is okay.} dxe4 19. Nxe4) 18... Qxg5 19. fxg4 Qxg4 20. Rf1 Rac8 21. Rf2 Nf8 22. Rbf1 f6 23. Qd1 Qxd1 24. Rxd1 Ne6 25. Bh3 Rc7 26. Rdf1 Ng5 27. Bg2 bxc4 28. bxc4 Ba6 29. Rc1 Rb8 30. Ba3 Rcb7 31. cxd5 cxd5 32. Nb3 Bc4 ({Black should try} 32... Ne6 $17 33. Nxa5 Rb1) 33. Nc5 $2 (33. Nxa5 $14 {is the one way to stay ahead.} Rb1 34. Nxc4 dxc4 35. Rfc2) 33... Rb1 34. Nd7 (34. Rfc2 $17) 34... Rxc1+ 35. Bxc1 Rb1 36. Rc2 Kf7 37. a3 Ne6 38. Nc5 Nc7 39. Kf2 Nb5 40. a4 Nc7 41. Bd2 Ne6 42. Nxe6 Kxe6 43. Bh3+ Kd6 44. Bxa5 Ra1 45. Bb4+ Kc6 46. a5 f5 47. g4 fxg4 48. Bxg4 h5 (48... Bf6 $15) 49. Bh3 (49. Be2 $11 {keeps the balance.}) 49... g5 (49... Rb1 $17 50. Bd2 Kd6) 50. Bf5 Rf1+ 51. Kg2 Rxf5 52. Rc1 Rf8 53. Bxf8 Bxf8 54. Ra1 Kb5 55. a6 Kb6 56. a7 1-0

[Event "Deutscher Jugend Online Cup 2020"]
[Site "Tornelo"]
[Date "2020.11.14"]
[Round "1.2"]
[White "Braeutigam, Katerina"]
[Black "Wilmink, Anna"]
[Result "1-0"]
[ECO "C42"]
[WhiteElo "1737"]
[BlackElo "1550"]
[Annotator "NA RC"]
[PlyCount "119"]
[EventDate "2020.11.13"]
[EventType "k.o."]
[SourceTitle "playchess.com"]
[Source "ChessBase"]
[SourceQuality "1"]
[TimeControl "600+3"]

1. e4 e5 2. Nf3 Nf6 3. Nxe5 d6 4. Nf3 Nxe4 5. Be2 Nc6 6. O-O g6 7. Re1 Be6 8. Bb5 Nf6 9. Nd4 Qd7 10. Qf3 Bg7 11. Nxc6 O-O 12. Nd4 c6 13. Bf1 Bg4 14. Qd3 Nd5 15. Nc3 Nb4 16. Qc4 c5 17. a3 cxd4 18. Qxb4 dxc3 19. dxc3 Rfe8 20. Bf4 Be5 21. Bxe5 dxe5 22. Bb5 Qe7 23. Bxe8 Qxe8 24. Qxb7 Rb8 25. Qd5 Rxb2 26. Qxe5 Qxe5 27. Rxe5 Rxc2 28. Rc5 Rd2 29. h3 Bf5 30. Rc7 Rd8 31. Rxa7 Rc8 32. Rc1 Kf8 33. c4 Be6 34. c5 Rc6 35. Ra8+ Ke7 36. Rb8 Kd7 37. Rb6 Rc8 38. c6+ Kc7 39. Rb2 Bd5 40. Rb7+ Kd6 41. Rd7+ Ke6 42. Re1+ Kf6 43. Rxd5 Rxc6 44. Red1 Kg7 45. Ra1 Ra6 46. a4 Ra8 47. a5 Ra6 48. Rb5 Kf8 49. Rb6 Ra8 50. a6 Ke7 51. a7 Kd7 52. Rb8 Rxb8 53. axb8=Q Kc6 54. Rc1+ Kd7 55. Qc7+ Ke6 56. Re1+ Kd5 57. Re5+ Kd4 58. Qc5+ Kd3 59. Re3+ Kd2 60. Qc3+ 1-0

[Event "Deutscher Jugend Online Cup 2020"]
[Site "Tornelo"]
[Date "2020.11.14"]
[Round "1.2"]
[White "Buchinger, Alexis"]
[Black "B_____, L___"]
[Result "0-1"]
[ECO "B44"]
[WhiteElo "1496"]
[BlackElo "1508"]
[Annotator "NA RC"]
[PlyCount "118"]
[EventDate "2020.11.13"]
[EventType "k.o."]
[SourceTitle "playchess.com"]
[Source "ChessBase"]
[SourceQuality "1"]
[TimeControl "600+3"]

1. e4 c5 2. Nf3 Nc6 3. d4 cxd4 4. Nxd4 e6 5. Nb5 d6 6. c4 Nf6 7. N1c3 Be7 8. Bf4 e5 9. Bg5 a6 10. Bxf6 gxf6 11. Na3 Be6 12. Be2 Rc8 13. Nd5 Nd4 14. b3 Qa5+ 15. b4 Qxa3 16. Nxe7 Qxb4+ 17. Kf1 Kxe7 18. Rb1 Qc5 19. Rxb7+ Rc7 20. Rxc7+ Qxc7 21. Qc1 Nxe2 22. Kxe2 Qxc4+ 23. Qxc4 Bxc4+ 24. Kd2 Bxa2 25. Ra1 Bc4 26. Rc1 Bb5 27. Rc7+ Kf8 28. h4 Kg7 29. Ke3 Ra8 30. Kd2 a5 31. Kc1 a4 32. Kb2 a3+ 33. Ka2 Bd3 34. f3 Bf1 35. g4 Be2 36. Rc3 Bb5 37. h5 Kh6 38. Rc2 Bd7 39. Rd2 Ra6 40. Ka1 Be6 41. Re2 a2 42. Rb2 Rc6 43. Rxa2 Bxa2 44. Kxa2 Rc3 45. Kb2 Rxf3 46. Kc2 Kg5 47. Kd2 Kxg4 48. Ke2 Ra3 49. Kd2 Kxh5 50. Ke2 Kg4 51. Kd2 Kf4 52. Ke2 Kxe4 53. Kd2 Rg3 54. Ke2 h5 55. Kf2 Kf4 56. Ke2 h4 57. Kf2 h3 58. Ke2 h2 59. Kf2 h1=Q 0-1

[Event "Deutscher Jugend Online Cup 2020"]
[Site "Tornelo"]
[Date "2020.11.14"]
[Round "1.2"]
[White "Kutz, Ida"]
[Black "Richter, Johanna"]
[Result "1-0"]
[ECO "A24"]
[WhiteElo "1269"]
[BlackElo "1178"]
[Annotator "NA RC"]
[PlyCount "61"]
[EventDate "2020.11.13"]
[EventType "k.o."]
[SourceTitle "playchess.com"]
[Source "ChessBase"]
[SourceQuality "1"]
[TimeControl "600+3"]

1. c4 Nf6 2. Nc3 g6 3. Nf3 Bg7 4. g3 O-O 5. Bg2 d6 6. O-O e5 7. d4 Nfd7 8. Bg5 Qe8 9. Nd5 Na6 10. b4 c6 11. Ne7+ Kh8 12. Rb1 f6 13. Nxc8 Rxc8 14. Bc1 f5 15. dxe5 dxe5 16. Ba3 b5 17. cxb5 cxb5 18. Ng5 Bf6 19. h4 f4 20. Bb7 Rd8 21. Qb3 Bxg5 22. hxg5 Nc7 23. gxf4 Rxf4 24. e3 Rg4+ 25. Bg2 Rxg5 26. f4 Rg4 27. Qd1 Qe6 28. fxe5 Nxe5 29. Qxd8+ Qe8 30. Rf8+ Qxf8 31. Qxf8# 1-0

[Event "Deutscher Jugend Online Cup 2020"]
[Site "Tornelo"]
[Date "2020.11.14"]
[Round "1.3"]
[White "Voigt, Anastasia"]
[Black "Zhou, Lepu Coco"]
[Result "0-1"]
[ECO "C55"]
[WhiteElo "1738"]
[BlackElo "1882"]
[Annotator "NA RC"]
[PlyCount "70"]
[EventDate "2020.11.13"]
[EventType "k.o."]
[SourceTitle "playchess.com"]
[Source "ChessBase"]
[SourceQuality "1"]
[TimeControl "600+3"]

1. e4 e5 2. Nf3 Nc6 3. Bc4 Nf6 4. d3 Be7 5. O-O O-O 6. Re1 d6 7. a4 Be6 8. a5 a6 9. h3 Qd7 10. Ng5 d5 11. Nxe6 ({White should try} 11. Bb3 $11) 11... fxe6 12. exd5 exd5 13. Bb3 Kh8 14. c3 Bc5 15. Be3 d4 16. cxd4 $1 Nxd4 17. Bc4 Nd5 18. Nc3 (18. Bxd5 $11 {was the only way to keep the balance.} Qxd5 19. Ra4) 18... Nxe3 19. fxe3 Nf5 {[%emt 0:00:50] Discovered Attack} 20. Nd5 $19 (20. Qd2 $17 {keeps fighting.}) 20... c6 21. Nb6 Bxb6 22. axb6 Qd8 23. Qb3 Qg5 24. e4 Ne3 25. Re2 Nxc4 26. dxc4 Rad8 27. Rae1 Rd2 28. Rxd2 Qxd2 29. Rf1 Qd4+ 30. Kh2 Rxf1 31. Qc2 Qg1+ 32. Kg3 Qe3+ 33. Kh2 Qf4+ 34. g3 Rf2+ 35. Qxf2 Qxf2+ 0-1

[Event "Deutscher Jugend Online Cup 2020"]
[Site "Tornelo"]
[Date "2020.11.14"]
[Round "1.3"]
[White "Marcziter, Alex"]
[Black "N_____, L_____"]
[Result "1-0"]
[ECO "C59"]
[WhiteElo "1401"]
[BlackElo "1714"]
[Annotator "NA RC"]
[PlyCount "95"]
[EventDate "2020.11.13"]
[EventType "k.o."]
[SourceTitle "playchess.com"]
[Source "ChessBase"]
[SourceQuality "1"]
[TimeControl "600+3"]

1. e4 e5 2. Nf3 Nc6 3. Bc4 Nf6 4. Ng5 d5 5. exd5 Na5 6. Bb5+ c6 7. dxc6 bxc6 8. Be2 h6 9. Nf3 e4 10. Ne5 Bc5 11. O-O O-O 12. Ng4 Nxg4 13. Bxg4 Bxg4 14. Qxg4 f5 15. Qe2 Qe7 16. Nc3 Rae8 17. d3 exd3 18. Qxd3 f4 19. Qf3 g5 20. Bd2 Qd7 21. Rad1 g4 22. Bc1 Qg7 23. Qd3 g3 24. b3 gxf2+ 25. Kh1 Kh8 26. Bb2 Be7 27. Rb1 Bf6 28. Nd1 Bxb2 29. Nxb2 Rg8 30. Rxf2 Qe7 31. h3 Rg7 32. Rbf1 Reg8 33. Nc4 Nxc4 34. Qxc4 Qg5 35. Qxf4 Qxf4 36. Rxf4 Rxg2 37. Rf8 Rxf8 38. Rxf8+ Kg7 39. Kxg2 Kxf8 40. c4 Kf7 41. Kf3 Ke6 42. Ke4 h5 43. b4 a6 44. a4 Kf6 45. Kd4 Ke6 46. Kc5 Kd7 47. b5 a5 48. b6 1-0

[Event "Deutscher Jugend Online Cup 2020"]
[Site "Tornelo"]
[Date "2020.11.14"]
[Round "1.3"]
[White "Woiteck, Sophia"]
[Black "Trunz, Tamila"]
[Result "0-1"]
[ECO "D02"]
[WhiteElo "1285"]
[BlackElo "1379"]
[Annotator "NA RC"]
[PlyCount "158"]
[EventDate "2020.11.13"]
[EventType "k.o."]
[SourceTitle "playchess.com"]
[Source "ChessBase"]
[SourceQuality "1"]
[TimeControl "600+3"]

1. d4 d5 2. Bf4 Bf5 3. Nf3 Nf6 4. e3 e6 5. Bd3 Bxd3 6. Qxd3 Nbd7 7. Nbd2 c6 8. c3 Be7 9. h3 O-O 10. O-O c5 11. Rfe1 Rc8 12. b3 b6 13. Rac1 cxd4 14. exd4 Nh5 15. Bh2 Ndf6 16. Ne5 Bd6 17. Qf3 g6 18. Qe3 Ng7 19. g4 Nd7 20. Qh6 Qc7 21. Ndf3 f6 22. Nxd7 Bxh2+ 23. Nxh2 Qxd7 24. Qf4 Rc6 25. Nf3 Qc8 26. Re3 a6 27. h4 e5 28. dxe5 fxe5 29. Qg5 e4 30. Qxd5+ Ne6 31. Nd4 Rd8 32. Qxc6 Nxd4 33. Qxc8 Rxc8 34. Rxe4 Nf3+ 35. Kg2 Nxh4+ 36. Kg3 g5 37. Re5 h6 38. Re6 Kg7 39. Rxb6 Rf8 40. Rc2 Rf3+ 41. Kh2 Rf4 42. Kh3 Rf3+ 43. Kh2 Rf4 44. Rd2 Nf3+ 45. Kg2 Nxd2 46. Rd6 Nb1 47. Rd1 Nxc3 48. Rd6 Rxg4+ 49. Kf3 Rf4+ 50. Ke3 Nxa2 51. Rxa6 Nb4 52. Ra4 Nc2+ 53. Kd3 Rxf2 54. Rc4 Ne1+ 55. Ke3 Rc2 56. Rxc2 Nxc2+ 57. Kd3 Nb4+ 58. Kc4 Nc6 59. Kc5 Na5 60. b4 Nb7+ 61. Kc6 Nd8+ 62. Kc7 Ne6+ 63. Kc6 Kf6 64. b5 Nd4+ 65. Kc5 Nxb5 66. Kxb5 g4 67. Kc4 g3 68. Kd5 g2 69. Ke4 g1=Q 70. Kd5 Qe1 71. Kc4 Qd1 72. Kc5 Ke5 73. Kc6 Qd6+ 74. Kb5 Qc7 75. Kb4 Kd4 76. Kb3 Qc3+ 77. Ka4 Qb2 78. Ka5 Kc5 79. Ka6 Qb6# 0-1

[Event "Deutscher Jugend Online Cup 2020"]
[Site "Tornelo"]
[Date "2020.11.14"]
[Round "1.3"]
[White "Lorenz, Veronika"]
[Black "Trunz, Michelle"]
[Result "0-1"]
[ECO "B90"]
[WhiteElo "1261"]
[BlackElo "1673"]
[Annotator "NA RC"]
[PlyCount "74"]
[EventDate "2020.11.13"]
[EventType "k.o."]
[SourceTitle "playchess.com"]
[Source "ChessBase"]
[SourceQuality "1"]
[TimeControl "600+3"]

1. e4 c5 2. Nf3 d6 3. d4 cxd4 4. Nxd4 Nf6 5. Nc3 a6 6. Be3 e5 7. Nb3 Be6 8. Qd2 Be7 9. O-O-O Qc7 10. Nd5 Bxd5 11. exd5 Nbd7 12. Kb1 O-O 13. Be2 Rfc8 14. g4 a5 15. g5 Ne4 16. Qd3 Nec5 17. Nxc5 Nxc5 18. Bxc5 Qxc5 19. h4 a4 20. Rhg1 g6 21. h5 a3 22. b3 Kg7 23. Rg2 b5 24. Rh1 Qc3 25. Qxc3 Rxc3 26. Bxb5 Rc5 27. Bd3 Rh8 28. Bc4 Rb8 29. hxg6 Rxc4 30. Rxh7+ Kxg6 31. Rgh2 Bxg5 32. R7h5 f6 33. R5h3 Rcc8 34. Rh7 Rb5 35. c4 Rb6 36. Rd7 Rxc4 37. Rhh7 Rc1# 0-1

[Event "Deutscher Jugend Online Cup 2020"]
[Site "Tornelo"]
[Date "2020.11.14"]
[Round "2.1"]
[White "Becker, Linda"]
[Black "Wagner, Margarethe"]
[Result "1-0"]
[ECO "B53"]
[WhiteElo "1763"]
[BlackElo "1841"]
[Annotator "NA RC"]
[PlyCount "137"]
[EventDate "2020.11.13"]
[EventType "k.o."]
[SourceTitle "playchess.com"]
[Source "ChessBase"]
[SourceQuality "1"]
[TimeControl "600+3"]

1. e4 c5 2. Nf3 d6 3. d4 cxd4 4. Qxd4 Nc6 5. Bb5 Bd7 6. Bxc6 Bxc6 7. c4 Nf6 8. Nc3 e5 9. Qd3 Be7 10. O-O O-O 11. b3 a6 (11... Nxe4 $5 12. Nxe4 f5 $11) 12. Bb2 Rb8 13. a4 Nh5 14. Rad1 Nf4 15. Qc2 Qc7 16. Ba3 b5 17. axb5 axb5 18. Nd5 (18. Bc1 $11) 18... Bxd5 {[%emt 0:00:12] Pin} 19. exd5 bxc4 20. bxc4 Rfc8 21. Rb1 Ra8 22. Qb3 Qxc4 23. Qb7 (23. Qxc4 $17 Rxc4 {[#]} 24. Nxe5 $1 dxe5 25. Bxe7) 23... Rxa3 ({Don't do} 23... Qxd5 24. Qxd5 Nxd5 25. Rb3) 24. Qxe7 Ne2+ 25. Kh1 Rxf3 26. gxf3 {[%emt 0:00:11] [#]} Qxd5 (26... Qc3 $1 $19 {[%cal Rc3f3] is more deadly.} 27. Qg5 Nf4) 27. Qb7 {[%emt 0:00:15] [#]} Qc4 (27... Qe6 $1 $17 28. Rfd1 Re8) 28. Rfe1 Rf8 29. Qe4 Qxe4 30. fxe4 Nd4 31. Rb6 Rd8 32. Reb1 Kf8 33. Rb8 Rxb8 34. Rxb8+ Ke7 35. Rb7+ Ke6 36. Kg2 Ne2 37. Kf3 Nf4 38. Rb8 g6 39. Ke3 f5 40. exf5+ gxf5 41. Rh8 h5 42. Rg8 d5 43. f3 d4+ 44. Kd2 e4 45. fxe4 fxe4 46. Re8+ Kf5 47. Rf8+ Kg4 48. Rd8 d3 49. Ke3 Ng2+ 50. Kxe4 Ne1 51. Ke3 Kh3 52. Rh8 h4 53. Kd2 Nf3+ 54. Kxd3 Nxh2 55. Ke4 Kg3 56. Rg8+ Kf2 57. Kf4 h3 58. Rh8 Kg2 59. Rh7 Nf1 60. Rg7+ Kh1 61. Kf3 $11 Kh2 62. Kf2 Nd2 63. Ra7 Ne4+ 64. Ke3 Ng3 65. Kf3 Nf1 66. Ra2+ Kg1 67. Rb2 h2 68. Rg2+ Kh1 69. Kf2 1-0

[Event "Deutscher Jugend Online Cup 2020"]
[Site "Tornelo"]
[Date "2020.11.14"]
[Round "2.1"]
[White "Goldmann, David"]
[Black "Herrmann, Jakob"]
[Result "1-0"]
[ECO "B13"]
[WhiteElo "1644"]
[BlackElo "1515"]
[Annotator "NA RC"]
[PlyCount "93"]
[EventDate "2020.11.13"]
[EventType "k.o."]
[SourceTitle "playchess.com"]
[Source "ChessBase"]
[SourceQuality "1"]
[TimeControl "600+3"]

1. e4 c6 2. d4 d5 3. exd5 cxd5 4. c4 Nf6 5. cxd5 Nxd5 6. Nc3 Nc6 7. Nf3 Bg4 8. Be2 e6 9. h3 Bh5 10. O-O Bb4 11. Nxd5 Qxd5 12. Qa4 O-O 13. Be3 Be7 14. Rac1 Rac8 15. Bc4 Qd7 16. Be2 Rfd8 17. Rfd1 Bf6 18. Qb3 b6 19. Ne5 Bxe5 20. dxe5 Bxe2 21. Rxd7 Rxd7 22. Qc2 Bd3 23. Qc3 Bg6 24. b4 Rdc7 25. b5 Nxe5 26. Qxc7 Rxc7 27. Rxc7 h6 28. Rxa7 Bd3 29. a4 Nc4 30. Rb7 Be4 31. Rb8+ Kh7 32. Bxb6 Bd5 33. a5 Nd6 34. a6 Nxb5 35. a7 Nxa7 36. Bxa7 Kg6 37. Rb4 Kf5 38. g4+ Kg6 39. f4 f5 40. Kf2 Ba2 41. Kg3 Bd5 42. Bb6 Ba2 43. Rd4 Bd5 44. Bc7 Kf6 45. Be5+ Kg6 46. Rb4 Ba2 47. Rb7 1-0

[Event "Deutscher Jugend Online Cup 2020"]
[Site "Tornelo"]
[Date "2020.11.14"]
[Round "2.1"]
[White "Arnold, Rubina"]
[Black "Haug, Mara"]
[Result "0-1"]
[ECO "B22"]
[WhiteElo "1414"]
[BlackElo "1356"]
[Annotator "NA"]
[PlyCount "112"]
[EventDate "2020.11.13"]
[EventType "k.o."]
[SourceTitle "playchess.com"]
[Source "ChessBase"]
[SourceQuality "1"]
[TimeControl "600+3"]

1. e4 c5 2. Nf3 Nc6 3. c3 d5 4. d3 Nf6 5. Nbd2 Nd7 6. g3 Nb6 7. Bg2 Bg4 8. O-O Qd7 9. h3 Bxh3 10. Bxh3 Qxh3 11. Nh2 Qd7 12. Qg4 Qxg4 13. Nxg4 h5 14. Nh2 e6 15. f4 h4 16. g4 Bd6 17. e5 Bc7 18. Ndf3 Nd7 19. Be3 f6 20. d4 cxd4 21. cxd4 Bb6 22. a3 fxe5 23. fxe5 Ndxe5 24. Nxe5 Nxe5 25. b4 Nc4 26. Bf2 Rf8 27. Kg2 Rf4 28. Nf3 h3+ 29. Kg3 Rf6 30. Ng5 O-O-O 31. Bg1 Bc7+ 32. Kxh3 Rh8+ 33. Kg2 Rfh6 34. Nf7 Rh2+ 35. Bxh2 Ne3+ 36. Kg1 Bxh2+ 37. Kf2 Nxf1 38. Nxh8 Nd2 39. Rc1+ Kd7 40. Nf7 Ne4+ 41. Kf3 Nd2+ 42. Kg2 Bf4 43. Ne5+ Kd6 44. Re1 Bxe5 45. dxe5+ Ke7 46. g5 Nc4 47. a4 Nb2 48. a5 Nc4 49. g6 Nb2 50. Rf1 Nd3 51. Rf7+ Kd8 52. Rxb7 Nxe5 53. Rxg7 Ke8 54. Rg8+ Ke7 55. b5 Kf6 56. g7 d4 0-1

[Event "Deutscher Jugend Online Cup 2020"]
[Site "Tornelo"]
[Date "2020.11.14"]
[Round "2.1"]
[White "B___, L___"]
[Black "Hoffmann, Svenja"]
[Result "1-0"]
[ECO "C70"]
[WhiteElo "1348"]
[BlackElo "1307"]
[Annotator "NA RC"]
[PlyCount "109"]
[EventDate "2020.11.13"]
[EventType "k.o."]
[SourceTitle "playchess.com"]
[Source "ChessBase"]
[SourceQuality "1"]
[TimeControl "600+3"]

1. e4 e5 2. Nf3 Nc6 3. Bb5 a6 4. Ba4 b5 5. Bb3 Na5 6. Nxe5 Qg5 7. Nxf7 Qxg2 8. Rf1 Qxe4+ 9. Qe2 Qxe2+ 10. Kxe2 d6 11. Nxh8 Bg4+ 12. f3 Bf5 13. Nc3 Nf6 14. d3 c5 15. a4 Nxb3 16. cxb3 b4 17. Ne4 Nd5 18. Bg5 h6 19. Bh4 g5 20. Bg3 Nf4+ 21. Bxf4 gxf4 22. Rg1 Kd7 23. Nf7 Re8 24. Kd2 Bxe4 25. dxe4 Re7 26. Nh8 Bg7 27. Ng6 Rf7 28. Rg4 Bxb2 29. Ra2 Bc3+ 30. Ke2 Ke6 31. Nxf4+ Ke5 32. Nd5 Kd4 33. Rc2 h5 34. Rh4 Rg7 35. Rxh5 Rg2+ 36. Kd1 Rg1+ 37. Ke2 Re1+ 38. Kf2 Rd1 39. Ke2 Rg1 40. Kf2 Rd1 41. h4 Kd3 42. Re2 c4 43. bxc4 b3 44. Re3+ Kd2 45. Nxc3 b2 46. Rd5+ Kc2 47. Rxd1 Kb3 48. h5 Kxc4 49. h6 Kb3 50. h7 Kc2 51. h8=Q a5 52. Qb8 d5 53. Re2+ Kxc3 54. Qxb2+ Kc4 55. Rc2# 1-0

[Event "Deutscher Jugend Online Cup 2020"]
[Site "Tornelo"]
[Date "2020.11.14"]
[Round "2.2"]
[White "Sereda, Yaroslava"]
[Black "Bildat, Emilia"]
[Result "0-1"]
[ECO "B35"]
[WhiteElo "1750"]
[BlackElo "1852"]
[Annotator "NA RC"]
[PlyCount "84"]
[EventDate "2020.11.13"]
[EventType "k.o."]
[SourceTitle "playchess.com"]
[Source "ChessBase"]
[SourceQuality "1"]
[TimeControl "600+3"]

1. e4 c5 2. Nf3 g6 3. d4 cxd4 4. Nxd4 Bg7 5. Be3 Nc6 6. Nc3 Nf6 7. Bc4 Qa5 8. O-O O-O 9. Nb3 Qd8 10. f4 d6 11. Be2 Bd7 12. g4 Rc8 13. g5 Ne8 14. f5 f6 (14... Bxc3 $15 15. bxc3 Ng7) 15. Bc4+ Kh8 16. fxg6 hxg6 17. Qe1 e6 18. Qh4+ Kg8 19. gxf6 Bxf6 20. Qg4 Ne5 21. Bxe6+ Kg7 22. Qh3 $1 Rh8 23. Bxd7 Rxh3 24. Bxh3 Rc7 25. Nd4 Re7 26. Nd5 Kh8 $2 (26... Nc4 $16 {is more resistant.} 27. Nxe7 Qxe7 28. Ne6+ {[%mdl 64] Discovered Attack} Kg8) 27. Nxe7 $2 ({Worse is} 27. Rxf6 Nxf6 28. Nxf6 Nc4 $11) (27. Nxf6 $18 Nxf6 28. Rxf6) 27... Qxe7 28. b3 Qh7 (28... Ng4 $1 $11 {keeps the balance.} 29. Bxg4 Qxe4 {[%mdl 64] Double Attack}) 29. Bg2 Ng4 30. Nf3 Nxe3 31. Rfe1 Nxc2 32. Rac1 Nxe1 33. Rxe1 Qc7 34. Rd1 Qc2 35. Rd2 $19 Qc1+ 36. Kf2 Qc5+ 37. Kf1 Qc1+ 38. Ke2 Qc5 39. h3 Ng7 40. Bh1 Ne6 41. Rd1 Nf4+ 42. Kd2 Qc3# 0-1